 Dungeon Crawl Stone Soup version 0.31-a0-986-g5e6e4ef867 (webtiles) character file.

Game seed: 16093224266364745858

359 Persephone the Chopper (level 6, 0/37 HPs)
             Began as a Gargoyle Fighter on Nov 7, 2023.
             Slain by Duvessa
             ... wielding a +3 short sword of flaming
              (5 damage)
             ... on level 4 of the Dungeon.
             The game lasted 00:02:48 (2358 turns).

Persephone the Chopper (Gargoyle Fighter)           Turns: 2358, Time: 00:02:49

Health: 0/37       AC: 12    Str: 22    XL:     6   Next: 65%
Magic:  6/6        EV:  9    Int:  8    God:
Gold:   131        SH:  4    Dex:  9    Spells: 5/5 levels left

rFire   . . .        a - +0 war axe
rCold   . . .        c - +0 buckler
rNeg    + . .        b - +0 scale mail
rPois   ∞            j - +0 helmet
rElec   +            (no cloak)
rCorr   .            (no gloves)
SInv    .            (no boots)
Will    +....        (no amulet) Stlth
                     (no ring)
HPRegen 0.26/turn    (no ring)
MPRegen 0.10/turn

%: no passive effects
@: mighty, lit by a corona, enlightened, flying, glowing
A: sickness immunity, AC +4, negative energy resistance 1, electricity
resistance, torment resistance 1, petrification resistance
a: no special abilities


You were on level 4 of the Dungeon.
You visited 1 branch of the dungeon, and saw 4 of its levels.

You collected 131 gold pieces.

Inventory:

Hand Weapons
 a - a +0 war axe (weapon)
Armour
 b - a +0 scale mail (worn)
 c - a +0 buckler (worn)
 j - a +0 helmet (worn)
Wands
 q - a wand of paralysis (13)
 t - a wand of polymorph (9)
Scrolls
 f - 4 scrolls of identify {unknown}
 g - 2 scrolls of teleportation {unknown}
 i - a scroll of immolation {unknown}
 k - a scroll of poison {unknown}
 l - 3 scrolls of enchant armour {unknown}
 m - 3 scrolls of amnesia {unknown}
 r - a scroll of blinking {unknown}
 s - a scroll of fog {unknown}
 u - a scroll of brand weapon {unknown}
Potions
 e - 4 potions of curing {unknown}
 h - a potion of magic {unknown}
 n - a potion of resistance {unknown}
 o - a potion of heal wounds {unknown}
 p - 2 potions of enlightenment


   Skills:
 - Level 3.2 Fighting
 + Level 6.2 Axes
 - Level 3.2 Armour
 - Level 3.2 Shields


You had 5 spell levels left.
You didn't know any spells.
Your spell library contained the following spells:

 Spells                   Type           Power      Damage    Failure   Level
 Stone Arrow              Conj/Erth      0%         3d7       99%         3
 Animate Armour           Summ/Erth      0%         N/A       100%        4
 Lehudib's Crystal Spear  Conj/Erth      0%         10d2      100%        8


Dungeon Overview and Level Annotations

Branches:
Dungeon (4/15)
 Temple: D:4-7

Altars:
Kikubaaqudgha
Xom

Annotations:
D:4 Duvessa


Innate Abilities, Weirdness & Mutations

You are immune to sickness and miasma.
Your stone body is resilient. (AC +4)
You are immune to poison.
You resist negative energy. (rN+)
You are resistant to electric shocks. (rElec)
You are resistant to unholy torment.
You are immune to petrification.


Message History

Dowan is heavily wounded.
Dowan hits you but does no damage. Dowan closely misses you.
You miss Dowan.
Dowan is heavily wounded.
Dowan barely misses you.
You slash Dowan!
Dowan is almost dead.
You closely miss the goblin. The goblin hits you but does no damage.
An endoplasm comes into view.
Dowan casts a spell at you.
You are outlined in light.
You closely miss Dowan.
Dowan is almost dead.
You slash the goblin!
You kill the goblin!
Dowan says, "Stay away from my face!"
Dowan casts a spell at you. The puff of frost misses you.
Duvessa, Sister of Dowan comes into view.
She is wielding a +3 short sword of flaming.
Duvessa shouts!
You hit Dowan.
You kill Dowan!
Duvessa screams in rage.
Duvessa goes berserk!
Duvessa rages.
The endoplasm hits you but does no damage.
You slash the endoplasm!
You kill the endoplasm!
Duvessa rages.
Duvessa hits you with a +3 short sword of flaming!
* * * LOW HITPOINT WARNING * * *
Duvessa burns you.
* * * LOW HITPOINT WARNING * * *
You feel very mighty all of a sudden. Duvessa closely misses you.
It was a potion of enlightenment.
You feel very buoyant.
You fly up into the air.
Duvessa hits you with a +3 short sword of flaming.
You die...

.P.#......).......#
.......P#..####.#.##
P....P.###†<.......##
##P..### #####..)'..#
#.#.# ##).#'# #.#.
##..##.## #...
#.)##.8.##
##)##..e..##
#)##..@'...#
#.#...#)#...#
#.'8.##.# 8+ #.#.##
.. #$### ... #.# .#..
#.# ###.. ... #.. ...


You could see Duvessa (berserk).

Vanquished Creatures
  An ogre (D:4)
  Dowan (D:4)
  2 iguanas (D:4)
  Terence (D:3)
  Robin (D:4)
  3 adders
  3 worms (D:2)
  3 dart slugs
  2 orcs (D:3)
  4 ball pythons
  3 bats
  7 endoplasms
  3 giant cockroaches
  11 goblins
  6 hobgoblins
  12 jackals (D:1)
  2 quokkas
  7 frilled lizards
  11 kobolds
  8 rats
91 creatures vanquished.

Vanquished Creatures (others)
  An orc (D:3)
  A goblin (D:3)
  3 frilled lizards
  A rat (D:3)
6 creatures vanquished.

Grand Total: 97 creatures vanquished

Notes
Turn   | Place    | Note
-------+----------+-------------------------------------------
     0 | D:1      | Persephone the Gargoyle Fighter began the quest for the
                  | Orb.
     0 | D:1      | Reached XP level 1. HP: 14/14 MP: 1/1
    31 | D:1      | Reached skill level 2 in Axes
    33 | D:1      | Reached XP level 2. HP: 14/19 MP: 2/2
    95 | D:1      | Found a faded altar of an unknown god.
   217 | D:1      | Reached skill level 3 in Axes
   219 | D:1      | Reached XP level 3. HP: 22/23 MP: 3/3
   592 | D:2      | Reached XP level 4. HP: 18/28 MP: 4/4
   841 | D:2      | Reached skill level 4 in Axes
  1332 | D:3      | Found a shimmering altar of Xom.
  1740 | D:3      | Noticed Terence
  1750 | D:3      | Killed Terence
  1751 | D:3      | Reached XP level 5. HP: 21/32 MP: 5/5
  2075 | D:4      | Found an ancient bone altar of Kikubaaqudgha.
  2113 | D:4      | Reached skill level 5 in Axes
  2188 | D:4      | Noticed an ogre
  2193 | D:4      | Killed an ogre
  2194 | D:4      | Reached XP level 6. HP: 10/37 MP: 6/6
  2312 | D:4      | Noticed Robin
  2320 | D:4      | Killed Robin
  2321 | D:4      | Reached skill level 6 in Axes
  2340 | D:4      | Noticed Dowan
  2354 | D:4      | Noticed Duvessa
  2355 | D:4      | Killed Dowan
  2358 | D:4      | Slain by Duvessa

Illustrated notes

Levels and vault maps discovered:
D:1:      dpeg_arrival_rooms_a, layout_basic,
          shapermc_ecumenical_altar_notcrosses
D:2:      layout_basic, chequers_serial_rivers_marsh, minmay_misc_feat_pillars,
          st_stairs_14
D:3:      layout_loops_ring, xom_confusion_cloud,
          chequers_serial_rivers_large_b, nrook_mini_vaults, uniq_terence
D:4:      layout_rooms, kiku_gazebo_garden_becter,
          mainiacjoe_overflow_tiny_flanked, amcnicky_mini_pool_small,
          grunt_decor_arrowhead, uniq_robin, uniq_duvessa

Skill      XL: |  1  2  3  4  5  6 |
---------------+-------------------+-----
Axes           | 2 3 4 5 6 |  6.2
Fighting       | |  3.2
Armour         | |  3.2
Shields        | |  3.2

Action                     |  1- 3 |  4- 6 || total
---------------------------+-------+-------++-------
  Melee: War axe           |    75 |   171 ||   246
    Use: Potion            |       |     3 ||     3
 Armour: Scale mail        |    68 |   121 ||   189
  Dodge: Dodged            |    45 |    86 ||   131
  Block: Buckler           |    19 |    21 ||    40

Table legend: (Time is in decaauts)
 A = Elapsed time spent in this place.
 B = Non-inter-level travel time spent in this place.
 C = Inter-level travel time spent in this place.
 D = Time resting spent in this place.
 E = Time spent auto-exploring this place.
 F = Levels seen in this place.
 G = Mean time per level.
                   A        B        C        D        E       F      G
               +--------+--------+--------+--------+--------+-----+--------+
         Total |   2470 |   2393 |     77 |      0 |   1822 |   4 |  617.5 |
       Dungeon |   2470 |   2393 |     77 |      0 |   1822 |   4 |  617.5 |
               +--------+--------+--------+--------+--------+-----+--------+

Top non-repeatable levels by time:
     D:2: 830 daAuts
     D:3: 752 daAuts
     D:1: 529 daAuts
     D:4: 357 daAuts
